[Event "Smuk Skak GM Tournament 2024"]
[Site "Skanderborg"]
[Date "2024.08.25"]
[Round "9.4"]
[White "Kanov, Nikola"]
[Black "Fromm, Marius"]
[Result "0-1"]
[ECO "A20"]
[WhiteElo "2414"]
[BlackElo "2447"]
[Annotator "RC"]
[PlyCount "192"]
[EventDate "2024.08.11"]
[EventType "tourn"]
[EventCountry "DEN"]
[SourceTitle "playchess.com"]
[Source "ChessBase"]
[SourceQuality "1"]
[TimeControl "40/5400+30:1800+30"]

1. c4 e5 2. g3 c6 3. Nf3 e4 4. Nd4 d5 5. cxd5 Qxd5 6. Nc2 Nf6 7. Nc3 Qe5 8. Bg2 Na6 9. O-O Be7 10. d4 exd3 11. exd3 Bg4 12. Qe1 Qd6 13. d4 O-O 14. Bg5 Qd7 15. Ne3 Bh3 16. Rd1 Bxg2 17. Kxg2 Rfe8 18. d5 h6 19. Bxf6 Bxf6 20. Qd2 Rad8 21. Rfe1 Nb4 22. a3 Bxc3 23. Qxc3 Nxd5 24. Nxd5 cxd5 25. Rxe8+ Qxe8 26. Rd4 Qe5 27. a4 b6 28. h4 g6 29. b4 Kg7 30. Qd2 Rd6 31. Qd3 h5 32. Qd2 Kh7 33. Qd3 Qe8 34. Qf3 Qd7 35. Qf4 Qe6 36. Qd2 Kg8 37. Qg5 Qd7 38. Qe5 Qe6 39. Qg5 Qe8 40. Qf4 Re6 41. Rxd5 Qc6 42. Qf3 Qxa4 43. Rd8+ Re8 44. Qf6 Rxd8 45. Qxd8+ Kg7 46. Qd4+ Kg8 47. Qd8+ Kg7 48. Qd4+ Kh7 49. Qc4 Qd7 50. b5 Qf5 51. Kg1 Kg8 52. Qc6 Qe5 53. Qd7 Kg7 54. Kg2 Qe4+ 55. Kg1 Qc4 56. Qc6 Qd4 57. Qc2 a5 58. bxa6 Qa1+ 59. Kh2 Qxa6 60. Qc3+ Kg8 61. Qf6 Qb7 62. f4 b5 63. f5 Kh7 64. fxg6+ fxg6 65. Qe6 b4 66. Qb3 Qe7 67. Qc4 Qb7 68. Qb3 Kg7 69. Qb2+ Kf7 70. Qb3+ Kf8 71. Qe6 Kg7 72. Qb3 Qe4 73. Qb2+ Kf7 74. Qf2+ Ke6 75. Qb6+ Kf5 76. Qd8 Qc2+ 77. Kh3 Ke4 78. Qf6 Kd5 79. Qf7+ Kd4 80. Qf6+ Kc4 81. Qe6+ Kb5 82. Qd7+ Qc6 83. Qd3+ Ka4 84. Qd1+ b3 85. Qa1+ Kb5 86. Qf1+ Qc4 87. Qf8 Qe6+ 88. Kh2 Kc4 89. Qf4+ Kd3 90. Qf3+ Kd2 91. Qf4+ Kc2 92. Qf2+ Kd1 93. Qd4+ Ke2 94. Kg2 Qc6+ 95. Kh2 Qc2 96. Kg1 Qd1+ 0-1

[Event "Smuk Skak GM Tournament 2024"]
[Site "Skanderborg"]
[Date "2024.08.25"]
[Round "9.5"]
[White "Thybo, Jesper Sondergaard"]
[Black "Pajeken, Jakob Leon"]
[Result "1-0"]
[ECO "D26"]
[WhiteElo "2554"]
[BlackElo "2416"]
[Annotator "TA"]
[PlyCount "131"]
[EventDate "2024.08.11"]
[EventType "tourn"]
[EventCountry "DEN"]
[SourceTitle "playchess.com"]
[Source "ChessBase"]
[SourceQuality "1"]
[TimeControl "40/5400+30:1800+30"]

1. d4 d5 2. Nf3 Nf6 3. c4 dxc4 4. e3 e6 5. Bxc4 c5 6. O-O Be7 7. dxc5 Qxd1 8. Rxd1 Bxc5 9. a3 {[%emt 0:02:29] White is slightly better.} O-O 10. Be2 Nbd7 11. Nd4 e5 12. Nb5 a6 13. Nc7 Ra7 14. Nc3 b5 15. N7d5 Nxd5 16. Nxd5 Nb6 17. Nxb6 Bxb6 18. Bd2 Be6 19. Bc3 e4 20. h3 Rc8 21. Bg4 Bxg4 22. hxg4 f6 23. Rd6 Rb7 24. Rad1 a5 25. Rd7 Rcc7 (25... Rxd7 $14 26. Rxd7 Rc5) 26. R7d5 $16 {[%emt 0:08:43] White is much more active.} b4 27. axb4 axb4 28. Bxb4 Bxe3 29. Bd6 Rc2 30. fxe3 Rbxb2 31. Kh2 {[%emt 0:02:40] Rg1 would now be deadly.} Rxg2+ 32. Kh3 {[%emt 0:00:02] And now R5d4 would win.} Rge2 $1 33. Bf4 (33. Bc5 $14) 33... g5 $11 34. Rd8+ Kf7 $1 35. Bg3 Rxe3 $2 (35... Kg6 $11 {and Black stays safe.}) 36. R1d7+ $18 Ke6 {[%emt 0:00:35] Hoping for ...Rbb3.} 37. Rd6+ Kf7 {[%emt 0:00:27] Strongly threatening ...Rbb3.} 38. R6d7+ Ke6 $1 {[%emt 0:00:04] Threatens to win with ...Rbb3.} 39. Rxh7 Rd3 {[%emt 0:00:17] Repels Rd6+} 40. Re8+ Kd5 41. Rd7+ Kc6 42. Rc7+ (42. Rf7 Rbb3 $18) 42... Kd5 43. Rd8+ $1 Ke6 44. Ra8 Rb6 {[%emt 0:00:00] Against Ra6} 45. Raa7 (45. Re8+ $18 {is more deadly.} Kd5 46. Rd7+ Kc4 47. Rxe4+ Kc3 48. Rde7) 45... Kd5 $16 46. Rd7+ Kc4 (46... Ke6 $16 47. Re7+ Kd5 48. Rad7+ Kc5) 47. Rac7+ $18 Kb3 48. Re7 e3 (48... Rb5 {might work better.} 49. Rxe4 f5) 49. Rc5 Kb2 50. Re4 Kb1 {[%emt 0:00:00] [#]} 51. Be1 $1 Rb2 52. Kg3 Rc2 53. Rf5 Kc1 $2 (53... Rc1) 54. Rf3 Re2 55. Bb4 Kc2 56. Bc5 $2 (56. Rxf6 $18 {has better winning chances.} Rd1 57. Ree6) 56... Rdd2 $16 {[%emt 0:03:07] [#] ( -> ...Rg2+)} 57. Rf1 $1 (57. Bxe3 $2 Rg2+ 58. Kh3 Rh2+ 59. Kg3 Rdg2#) 57... Kd3 (57... Rf2 {was called for.} 58. Rg1 (58. Rxf2 exf2 59. Bxf2 Rd5 $16) 58... f5 59. gxf5 (59. Rxe3 $2 {is a self mate.} f4+ 60. Kh3 Rh2#) 59... Rxf5) 58. Rd4+ $18 Kc3 59. Ra4 Rd5 $2 (59... Kd3 60. Rg1 (60. Rxf6 Rg2+ 61. Kh3 Rh2+ 62. Kg3 Rdg2+ 63. Kf3 Rf2+ 64. Kg3 Rhg2+ 65. Kh3 Rh2+ 66. Kg3 Rhg2+ 67. Kh3 Rh2+ 68. Kg3 $11) 60... Ra2 61. Rd4+ Kc3 62. Rc1+ Rac2) 60. Be7 Kb3 61. Ra3+ Kb2 62. Raa1 f5 63. gxf5 {[%emt 0:00:16][%cal Bg4f5,Bf5f6][%mdl 32] aiming for f6!} Rf2 64. f6 {[%emt 0:00:15] White mates.} (64. Bxg5 Rdxf5 65. Rfb1+ Kc3 66. Rc1+ (66. Bxe3 R5f3+ 67. Kg4 Rxe3 $11) 66... Kd4 67. Ra4+ Kd5 $18) 64... Rdf5 65. Rxf2+ exf2 66. Rf1 {[%emt 0:00:08] Weighted Error Value: White=0.28 (precise) /Black=0.48.  Loses game:     	---       	Black=2      Missed win:     	White=1     	---        Mistake:       	White=2     	Black=6      Inaccurate:     	White=4     	Black=7      OK:         	White=22    	Black=22     Best:        	White=6     	Black=9      Strong:       	White=3     	Black=3} 1-0